 Dungeon Crawl Stone Soup version 0.19-a0-733-geeb8733 (webtiles) character file.

3101 Ordine the Transmogrifier (level 9, -2/63 HPs)
             Began as an Octopode Transmuter on June 21, 2016.
             Was a Priest of Cheibriados.
             Slain by a hound (4 damage)
             ... on level 8 of the Dungeon on June 22, 2016.
             The game lasted 00:23:18 (6884 turns).

Ordine the Transmogrifier (Octopode Transmuter)     Turns: 6884, Time: 00:23:19

Health: -2/63      AC:  7    Str: 17    XL:     9   Next: 90%
Magic:  8/12       EV: 13    Int: 26    God:    Cheibriados [***...]
Gold:   410        SH:  0    Dex: 24    Spells: 2 memorised, 5 levels left

rFire  x . .     SeeInvis .       - Unarmed
rCold  + + +     Gourm    .     (shield currently unavailable)
rNeg   . . .     Faith    .     (helmet currently unavailable)
rPois  +         Spirit   .     e - amulet of regeneration
rElec  .         Dismiss  .     h - +3 ring of dexterity
rCorr  .         Reflect  .     q - ring of sustain attributes (curse)
SustAt +         Harm     .     (no ring)
MR     .....                    (no ring)
Stlth  +++.......               (no ring)
                                (no ring)
                                (no ring)
                                (no ring)

@: ice-form, manticore barbs, very slow, not resistant to hostile enchantments,
fairly stealthy
A: almost no armour, amphibious, 8 rings, (constrict 8), (camouflage 0),
(gelatinous body 0)
a: End Transformation, Bend Time, Temporal Distortion, Renounce Religion


You were on level 8 of the Dungeon.
You worshipped Cheibriados.
Cheibriados was most pleased with you.
You were not hungry.
You were a creature of crystalline ice.
You visited 2 branches of the dungeon, and saw 9 of its levels.

You collected 410 gold pieces.

Inventory:

Armour
 k - a +2 hat (melded)
 m - a +0 buckler
Jewellery
 e - an amulet of regeneration (around neck)
 h - a +3 ring of dexterity (left front paw)
 q - a cursed ring of sustain attributes (right front paw)
 s - an uncursed amulet of magic regeneration
Wands
 d - a wand of lightning (6/15)
 n - a wand of flame (31/48)
 r - a wand of slowing (30/48)
Scrolls
 g - a scroll of amnesia
 l - 4 scrolls of remove curse
 o - a scroll of identify
 v - 3 scrolls of enchant armour
Potions
 a - a potion of brilliance
 t - a potion of cure mutation
 u - a potion of cancellation
Books
 b - a book of Changes

   Spells                             Type                      Level
   a - Beastly Appendage              Transmutation                1
   b - Sticks to Snakes               Transmutation                2
   c - Spider Form                    Transmutation/Poison         3
   d - Ice Form                       Ice/Transmutation            4
   e - Blade Hands                    Transmutation                5
Comestibles
 c - 8 bread rations
 f - 6 meat rations
 i - 2 slices of pizza
 j - 2 fruits
 w - 2 chunks of flesh
 z - a beef jerky


   Skills:
 - Level 1.0 Fighting
 + Level 3.7 Dodging
 - Level 4.0 Stealth
 * Level 7.0 Unarmed Combat
 - Level 2.0 Spellcasting
 - Level 10.0 Transmutations
 - Level 5.0 Ice Magic


You had 5 spell levels left.
You knew the following spells:

 Your Spells              Type           Power        Failure   Level  Hunger
a - Spider Form           Tmut/Pois      ####......   4%          3    ###....
b - Ice Form              Ice/Tmut       #####...     6%          4    ####...


Dungeon Overview and Level Annotations

Branches:
Dungeon (8/15)             Temple (1/1) D:5
   Lair: D:8-11

Altars:
Ashenzari
Cheibriados
Dithmenos
Elyvilon
Fedhas
Gozag
Hepliaklqana
Kikubaaqudgha
Makhleb
Nemelex Xobeh
Okawaru
Pakellas
Qazlal
Sif Muna
Trog
Uskayaw
Vehumet
Xom
Yredelemnul
Zin
The Shining One

Annotations:
D:6 1 exclusion


Innate Abilities, Weirdness & Mutations

You cannot wear most types of armour.
You are amphibious.
You can wear up to eight rings at the same time.
((You can use your tentacles to constrict eight enemies at once.))
((Your skin changes colour to match your surroundings (Stealth+).))
((Your rubbery body absorbs attacks. (AC +1)))


Message History

The hound misses you. The yak barely misses you.
The giant frog zombie closely misses you.
The hound bites you but does no damage.
You hit the yak but do no damage.
The yak is moderately wounded.
You warm up again.
Your +2 hat unmelds from your body.
The giant frog zombie closely misses you.
The yak misses you. The hound barely misses you.
Casting: Ice Form
Confirm with . or Enter, or press ? or * to list all spells.
You turn into a creature of crystalline ice.
Your +2 hat melds into your body.
The giant frog zombie barely misses you.
The hound bites you but does no damage. The yak gores you but does no damage.
The giant frog zombie hits you but does no damage.
You hit the yak. You freeze the yak.
The yak is heavily wounded.
The hound bites you.
You die...

##...# ..........#...#
.....# #.....#..#..##
.#...## .#####..##..#
......# #..#..##
.#.#..# #..#..###
.#.#..# #..#....#
.....## ##. #..##...#
.....# #.....#Z.#...#
.#...# ........hY#...#
....## ..#####.Y.##..#
.##.# ####...####}#..#
.#..###.........###..#
#...................#
#.#.................#
#.#...##....##..#..##
#.#..................#
#.##..##.#...........#


You could see a yak, a hound and a giant frog zombie.

Vanquished Creatures
  A manticore (D:8)
  The ghost of Arkorax the Skirmisher, a novice DgWn (D:6)
  A spriggan (D:7)
  Eustachio (D:4)
  Edmund (D:4)
  3 orc warriors
  An ice beast (D:5)
  2 ogres (D:4)
  A phantom (D:6)
  2 giant frogs
  Blork the orc (D:6)
  A scorpion (D:5)
  A water moccasin skeleton (D:6)
  2 vampire bats (D:2)
  A howler monkey (D:5)
  A crimson imp (D:8)
  2 hounds
  A centaur zombie (D:6)
  3 orc priests
  Crazy Yiuf (D:6)
  A jelly (D:8)
  2 giant frog skeletons
  Natasha (thrice) (D:4)
  3 iguanas
  3 worker ants
  6 orc wizards
  A hound zombie (D:8)
  Robin (D:4)
  7 adders
  3 shadow imps
  An adder zombie (D:6)
  2 adder skeletons
  A worm (D:4)
  2 dart slugs (D:1)
  10 giant geckos
  22 orcs
  3 bat skeletons (D:2)
  4 bat zombies (D:2)
  3 giant cockroaches
  13 goblins
  10 hobgoblins
  10 jackals
  5 quokkas
  2 ball pythons
  A ball python zombie (D:6)
  7 bats
  A giant gecko zombie (D:7)
  3 giant newts
  6 kobolds
  A quokka skeleton (D:4)
  A quokka zombie (D:7)
  7 rats
173 creatures vanquished.

Notes
Turn   | Place    | Note
--------------------------------------------------------------
     0 | D:1      | Ordine the Octopode Transmuter began the quest for the Orb.
     0 | D:1      | Reached XP level 1. HP: 13/13 MP: 3/3
   397 | D:1      | Reached XP level 2. HP: 9/18 MP: 5/5
   787 | D:1      | Reached skill level 1 in Stealth
  1075 | D:1      | Reached skill level 3 in Transmutations
  1086 | D:1      | Reached XP level 3. HP: 17/23 MP: 6/6
  1093 | D:1      | Learned a level 3 spell: Spider Form
  1435 | D:2      | Found a hide-covered altar of Uskayaw.
  1690 | D:2      | Reached XP level 4. HP: 18/28 MP: 7/7
  1729 | D:2      | Learned a level 4 spell: Ice Form
  1847 | D:2      | Found an ancient bone altar of Kikubaaqudgha.
  1856 | D:2      | Reached skill level 4 in Transmutations
  1856 | D:2      | Reached skill level 1 in Ice Magic
  1856 | D:2      | Reached XP level 5. HP: 21/33 MP: 8/8
  1928 | D:2      | Found a burning altar of Makhleb.
  1938 | D:2      | Found a stormy altar of Qazlal.
  2709 | D:4      | Noticed Natasha
  2721 | D:4      | Killed Natasha
  2725 | D:4      | Reached skill level 5 in Transmutations
  2725 | D:4      | Reached XP level 6. HP: 24/38 MP: 6/9
  2815 | D:4      | Found a snail-covered altar of Cheibriados.
  2928 | D:4      | Became a worshipper of Cheibriados the Contemplative
  2989 | D:4      | You fall through a shaft for 2 floors!
  3164 | D:6      | Noticed Blork the orc
  3172 | D:6      | Killed Blork the orc
  3172 | D:6      | Reached XP level 7. HP: 22/43 MP: 7/10
  3256 | D:6      | Reached skill level 6 in Transmutations
  3351 | D:6      | Noticed Arkorax's ghost (novice DgWn)
  3385 | D:5      | Entered Level 5 of the Dungeon
  3422 | D:5      | Found an oddly glowing altar of Pakellas.
  3435 | D:5      | Found a staircase to the Ecumenical Temple.
  3460 | D:4      | Noticed Robin
  3475 | D:4      | Killed Robin
  3610 | D:4      | Found a shattered altar of Ashenzari.
  3623 | D:4      | Reached * piety under Cheibriados
  3734 | D:4      | Noticed Edmund
  3751 | D:4      | Killed Edmund
  3822 | D:4      | Noticed Natasha
  3827 | D:4      | Noticed Eustachio
  3828 | D:4      | Killed Natasha
  3846 | D:4      | Killed Eustachio
  3846 | D:4      | Reached skill level 7 in Transmutations
  3924 | D:4      | Reached XP level 8. HP: 41/48 MP: 8/11
  4014 | D:4      | Noticed Natasha
  4032 | D:4      | Killed Natasha
  4385 | Temple   | Entered the Ecumenical Temple
  4578 | D:5      | Reached skill level 8 in Transmutations
  4613 | D:5      | Reached skill level 5 in Ice Magic
  4618 | D:5      | Reached ** piety under Cheibriados
  5025 | D:6      | Gained mutation: You can translocate small distances at will. [potion of mutation]
  5025 | D:6      | Gained mutation: You are clumsy. (Dex -2) [potion of mutation]
  5025 | D:6      | Gained mutation: You have supernaturally acute eyesight. (SInv) [potion of mutation]
  5036 | D:6      | Lost mutation: You have supernaturally acute eyesight. (SInv) [potion of cure mutation]
  5036 | D:6      | Lost mutation: You are clumsy. (Dex -2) [potion of cure mutation]
  5036 | D:6      | Lost mutation: You can translocate small distances at will. [potion of cure mutation]
  5038 | D:6      | Killed Arkorax's ghost
  5038 | D:6      | Reached skill level 9 in Transmutations
  5038 | D:6      | Reached XP level 9. HP: 5/53 MP: 9/12
  5132 | D:6      | Identified a scroll of acquirement
  5483 | D:6      | Reached skill level 10 in Transmutations
  5645 | D:6      | Noticed Crazy Yiuf
  5652 | D:6      | Killed Crazy Yiuf
  6013 | D:6      | Reached *** piety under Cheibriados
  6063 | D:6      | Reached skill level 5 in Unarmed Combat
  6861 | D:8      | Noticed a manticore
  6875 | D:8      | Killed a manticore
  6879 | D:8      | HP: 1/63 [yak (11)]
  6884 | D:8      | Slain by a hound

Vault maps used:
D:1:      elethiomel_arrival_infinity_welcomes_careful_drivers
D:2:      eat_drink_and_be_merry_uskayaw, minitemple, kennysheep_vampire_church
D:3:      grunt_decor_arrowhead, guppyfry_early_orc_mine
D:4:      cheibriados_altar_wand_db, nicolae_ashenzari_panopticon, uniq_edmund,
          uniq_eustachio, uniq_robin, uniq_natasha
D:5:      first_bread, grunt_pakellas_mercury
D:6:      serial_bayou_lagoon_a, uniq_crazy_yiuf_cottage, uniq_blork_the_orc
D:7:      the_bakery
D:8:      minmay_pinched_square, uniq_joseph, uniq_gastronok
Temple:   eino_temple_rhombus

Skill      XL: |  1  2  3  4  5  6  7  8  9 |
---------------+----------------------------+-----
Stealth        | 1 2 3 4 |  4.0
Transmutations | 3 4 5 7 9 10 | 10.0
Ice Magic      | 1 2 4 5 |  5.0
Unarmed Combat | 7 |  7.0
Dodging        | 3 |  3.7
Fighting       | |  1.0
Spellcasting   | |  2.0

Action                   |  1- 3 |  4- 6 |  7- 9 || total
-------------------------+-------+-------+-------++-------
Melee: Unarmed           |    83 |   119 |   293 ||   495
       Constrict         |    16 |    24 |    23 ||    63
       Tentacles         |     7 |    17 |    25 ||    49
       Punch             |       |     2 |     2 ||     4
 Cast: Spider Form       |     1 |     4 |     4 ||     9
       Ice Form          |       |       |    18 ||    18
  Use: Scroll            |     6 |     3 |    12 ||    21
       Potion            |       |     1 |    11 ||    12
 Stab: Sleeping          |     9 |     9 |     2 ||    20
       Distracted        |       |       |     3 ||     3
       Invisible         |       |       |     2 ||     2
  Eat: Chunk             |     2 |     6 |    11 ||    19
       Fruit             |       |       |     1 ||     1
Armor: Skin              |     5 |    18 |    54 ||    77
Dodge: Dodged            |    35 |    92 |   230 ||   357
